 Dungeon Crawl Stone Soup version 0.31-a0-232-gb1c03b2570 (webtiles) character file.

Game seed: 17161067982386741442

407041 Midn8 the Cloud Mage (level 23, -31/153 (162) HPs)
             Began as a Tengu Summoner on July 7, 2023.
             Was an Elder of Sif Muna.
             Annihilated by a titan (37 damage)
             ... on level 5 of the Vaults.
             The game lasted 04:01:49 (81653 turns).

Midn8 the Cloud Mage (Tengu Summoner)              Turns: 81653, Time: 04:01:50

HP:   -31/153 (162) AC: 28    Str: 15    XL:     23   Next: 42%
MP:   24/40         EV: 18    Int: 34    God:    Sif Muna [****..]
Gold: 2359          SH:  6    Dex: 17    Spells: 9/46 levels left

rFire   + + +        a - +1 hand axe "Filoar" {freeze, rF+ SInv Stlth+}
rCold   . . .        S - +0 buckler {rC+}
rNeg    . . .        B - +6 fire dragon scales of Laijuof {rF++ rC- Int+5}
rPois   .            x - +1 hat
rElec   .            q - +2 cloak
rCorr   .            m - +2 pair of gloves
SInv    +            (boots unavailable)
Will    +....        c - amulet of faith
Stlth   ++           O - +6 ring of intelligence
HPRegen 0.45/turn    E - ring of Rinaysets {Wiz +Blink Str+3 Int+2 Slay-3}
MPRegen 0.27/turn

%: faith, wizardry (x1)
@: about to teleport, marked, flying quickly and evasively, studying Shields,
drained, quick
A: beak, talons 3, nimble flight
}: 2/15 runes: serpentine, barnacled
a: Renounce Religion, Evoke Blink, Channel Magic, Forget Spell, Divine Exegesis


You were on level 5 of the Vaults.
You worshipped Sif Muna.
Sif Muna was greatly pleased with you.
You visited 7 branches of the dungeon, and saw 39 of its levels.
You also visited: Ossuary, Bailey and Volcano.

You collected 4631 gold pieces.
You spent 2272 gold pieces at shops.

Inventory:

Hand Weapons
 a - the +1 hand axe "Filoar" (weapon) {freeze, rF+ SInv Stlth+}
   (You took it off a wight on level 9 of the Dungeon)

   rF:        It protects you from fire.
   SInv:      It lets you see invisible.
   Stlth:     It makes you more stealthy.
 b - the +2 flail of Conversion {freeze, *Rage rElec rPois MP+9}
   (You bought it in a shop on level 2 of the Orcish Mines)

   rElec:     It insulates you from electricity.
   rPois:     It protects you from poison.
   MP:        It affects your magic capacity (+9).
   *Rage:     It berserks you when you make melee attacks (+20% chance).
Missiles
 n - 4 curare-tipped darts
 Q - 7 throwing nets
 U - 16 poisoned darts (quivered)
Armour
 m - a +2 pair of gloves (worn)
 q - a +2 cloak (worn)
 x - a +1 hat (worn)
 B - the +6 fire dragon scales of Laijuof (worn) {rF++ rC- Int+5}
   (You found it on level 6 of the Dungeon)

   Int:       It affects your intelligence (+5).
   rF:        It greatly protects you from fire.
   rC:        It makes you vulnerable to cold.
 S - a +0 buckler of cold resistance (worn)
 T - the +4 skin of Zhor {*Englaciate rC+++ SInv}
   (You found it on level 2 of the Lair of Beasts)

   *Englaciate: It radiates cold, occasionally slowing all nearby creatures who
   are not resistant to cold.
   rC:        It renders you almost immune to cold.
   SInv:      It lets you see invisible.
Jewellery
 c - an amulet of faith (around neck)
 g - a ring of willpower
 z - a ring of protection from cold
 E - the ring of Rinaysets (right hand) {Wiz +Blink Str+3 Int+2 Slay-3}
   (You bought it in a shop on level 1 of the Orcish Mines)

   [ring of wizardry]

   It improves your spell success rate.
   Str:       It affects your strength (+3).
   Int:       It affects your intelligence (+2).
   Slay:      It affects your accuracy & damage with ranged weapons and melee
   (-3).
   +Blink:    It lets you blink.
 O - a +6 ring of intelligence (left hand)
Wands
 h - a wand of digging (10)
 A - a wand of mindburst (33)
 D - a wand of acid (34)
 G - a wand of flame (42)
 R - a wand of charming (20)
 W - a wand of polymorph (10)
 X - a wand of iceblast (23)
Scrolls
 k - a scroll of silence
 s - a scroll of revelation
 u - 17 scrolls of teleportation
 v - 5 scrolls of blinking
 w - 2 scrolls of summoning
 y - 11 scrolls of fear
 J - 6 scrolls of fog
 K - 2 scrolls of amnesia
 L - a scroll of acquirement
 N - 16 scrolls of identify
 V - 2 scrolls of enchant weapon
Potions
 d - 4 potions of resistance
 e - 9 potions of magic
 f - 17 potions of curing
 i - 3 potions of cancellation
 j - 5 potions of heal wounds
 l - 8 potions of might
 o - 5 potions of invisibility
 r - 3 potions of ambrosia
 t - 9 potions of haste
 C - 14 potions of brilliance
 F - 2 potions of lignification
 H - 5 potions of berserk rage
 I - 5 potions of enlightenment
 M - 2 potions of mutation
Miscellaneous
 p - a phantom mirror
 P - a phial of floods
 Y - a tin of tremorstones (2/2)
 Z - a box of beasts


   Skills:
 - Level 22.0 Fighting
 - Level 15.4 Armour
 - Level 13.0 Dodging
 - Level 2.0 Stealth
 - Level 8.0 Shields
 + Level 12.0 Spellcasting
 - Level 9.0 Conjurations
 - Level 12.0 Summonings
 - Level 12.0 Fire Magic
 - Level 22.0 Air Magic
 - Level 12.0 Invocations
 - Level 10.0 Evocations


You had 9 spell levels left.
You knew the following spells:

 Your Spells              Type           Power      Damage    Failure   Level
a - Airstrike             Air            53%        2d(8-24)  0%          4
b - Plasma Beam           Fire/Air       47%        2x1d61    1%          6
c - Call Canine Familiar  Summ           80%        N/A       1%          3
d - Animate Armour        Summ/Erth      100%       N/A       2%          4
r - Arcjolt               Conj/Air       45%        1d55      1%          5
s - Summon Lightning Spi  Summ/Air       94%        N/A       1%          4
x - Maxwell's Capacitive  Air            53%        ∞         2%          8
S - Swiftness             Air            100%       N/A       0%          3

Your spell library contained the following spells:

 Spells                   Type           Power      Damage    Failure   Level
 Shock                    Conj/Air       100%       1d9       0%          1
 Static Discharge         Conj/Air       100%       2-7/arc   0%          2
 Foxfire                  Conj/Fire      100%       2x1d9     1%          1
 Kiss of Death            Conj/Necr      100%       2d13      1%          1
 Magic Dart               Conj           100%       1d8       1%          1
 Summon Small Mammal      Summ           100%       N/A       1%          1
 Call Imp                 Summ           100%       N/A       1%          2
 Cigotuvi's Dreadful Rot  Necr/Pois/Air  100%       N/A       1%          2
 Momentum Strike          Conj/Tloc      100%       3d10      1%          2
 Poisonous Vapours        Pois/Air       100%       N/A       1%          2
 Scorch                   Fire           100%       2d9       1%          2
 Searing Ray              Conj           100%       2d8       1%          2
 Dazzling Flash           Conj/Hex       100%       N/A       1%          3
 Hailstorm                Conj/Ice       50%        3d11      1%          3
 Ignite Poison            Fire/Tmut/Pois 47%        N/A       1%          3
 Inner Flame              Hex/Fire       57%        N/A       1%          3
 Mephitic Cloud           Conj/Pois/Air  74%        N/A       1%          3
 Stone Arrow              Conj/Erth      100%       3d13      1%          3
 Summon Guardian Golem    Hex/Summ       57%        N/A       1%          3
 Vhi's Electric Charge    Tloc/Air       100%       N/A       1%          3
 Volatile Blastmotes      Fire/Tloc      100%       2d18      1%          3
 Flame Wave               Conj/Fire      75%        2d17      1%          4
 Sticky Flame             Conj/Fire      75%        2d9       1%          4
 Fireball                 Conj/Fire      37%        3d15      1%          5
 Freezing Cloud           Conj/Ice/Air   37%        6-21      1%          5
 Silence                  Hex/Air        38%        N/A       1%          5
 Conjure Ball Lightning   Conj/Air       45%        3x3d16    1%          6
 Summon Ice Beast         Ice/Summ       57%        N/A       2%          4
 Apportation              Tloc           40%        N/A       3%          1
 Beastly Appendage        Tmut           40%        N/A       3%          1
 Freeze                   Ice            80%        1d9       3%          1
 Necrotise                Necr           80%        1d8       3%          1
 Sandblast                Erth           40%        2d10      3%          1
 Slow                     Hex            80%        N/A       3%          1
 Sting                    Tmut/Pois      80%        1d7       3%          1
 Summon Cactus Giant      Summ           40%        N/A       4%          6
 Blink                    Tloc           40%        N/A       5%          2
 Ensorcelled Hibernation  Hex/Ice        40%        N/A       5%          2
 Lesser Beckoning         Tloc           40%        N/A       5%          2
 Passwall                 Tmut/Erth      16%        N/A       5%          2
 Wereblood                Tmut           20%        N/A       5%          2
 Fulminant Prism          Conj/Hex       25%        3d14      5%          4
 Iskenderun's Mystic Bla  Conj/Tloc      50%        2d11      5%          4
 Starburst                Conj/Fire      37%        6d11      7%          6
 Summon Forest            Summ/Tloc      28%        N/A       9%          5
 Summon Mana Viper        Hex/Summ       57%        N/A       9%          5
 Confusing Touch          Hex            20%        N/A       11%         3
 Frozen Ramparts          Ice            40%        1d7       11%         3
 Gell's Gravitas          Tloc           20%        N/A       11%         3
 Ozocubu's Armour         Ice            20%        N/A       11%         3
 Portal Projectile        Hex/Tloc       40%        N/A       11%         3
 Spider Form              Tmut/Pois      20%        N/A       11%         3
 Teleport Other           Tloc           20%        N/A       11%         3
 Vampiric Draining        Necr           20%        2d7       11%         3
 Irradiate                Conj/Tmut      25%        3d20      16%         5
 Monstrous Menagerie      Summ           40%        N/A       21%         7
 Summon Hydra             Summ           40%        N/A       21%         7
 Storm Form               Tmut/Air       38%        N/A       30%         7
 Anguish                  Hex/Necr       10%        N/A       32%         4
 Animate Dead             Necr           20%        N/A       32%         4
 Cause Fear               Hex            10%        N/A       32%         4
 Dispel Undead            Necr           20%        3d11      32%         4
 Ice Form                 Ice/Tmut       20%        N/A       32%         4
 Leda's Liquefaction      Hex/Erth       10%        N/A       32%         4
 Manifold Assault         Tloc           20%        N/A       32%         4
 Olgreb's Toxic Radiance  Pois           20%        N/A       32%         4
 Petrify                  Tmut/Erth      20%        N/A       32%         4
 Spellforged Servitor     Conj/Summ      37%        N/A       34%         7
 Orb of Destruction       Conj           34%        9d10      54%         7
 Leda's Unmaking          Conj/Erth      25%        9d5       58%         6
 Agony                    Necr           20%        N/A       65%         5
 Alistair's Intoxication  Tmut/Pois      13%        N/A       65%         5
 Blade Hands              Tmut           10%        N/A       65%         5
 Borgnjor's Vile Clutch   Necr/Erth      10%        N/A       65%         5
 Lee's Rapid Deconstruct  Erth           10%        3d8*      65%         5
 Metabolic Englaciation   Hex/Ice        10%        N/A       65%         5
 Yara's Violent Unravell  Hex/Tmut       10%        3d6       65%         5
 Ignition                 Fire           40%        3d12      82%         8
 Summon Horrible Things   Summ           40%        N/A       82%         8
 Haunt                    Necr/Summ      28%        N/A       91%         7
 Death Channel            Necr           10%        N/A       99%         6
 Dispersal                Tloc           10%        N/A       99%         6
 Eringya's Noxious Bog    Tmut/Pois      10%        4d6       99%         6
 Simulacrum               Ice/Necr       10%        N/A       99%         6
 Statue Form              Tmut/Erth      13%        N/A       99%         6
 Chain Lightning          Conj/Air       45%        3d60      99%         9
 Enfeeble                 Hex            10%        N/A       100%        7
 Ozocubu's Refrigeration  Ice            10%        4d9       100%        7
 Borgnjor's Revivificati  Necr           10%        N/A       100%        8
 Discord                  Hex            10%        N/A       100%        8
 Disjunction              Tloc           10%        N/A       100%        8
 Lehudib's Crystal Spear  Conj/Erth      25%        10d7      100%        8
 Necromutation            Tmut/Necr      10%        N/A       100%        8
 Dragon's Call            Summ           40%        N/A       100%        9
 Fire Storm               Conj/Fire      37%        8d10      100%        9


Dungeon Overview and Level Annotations

Branches:
Dungeon (15/15)            Temple (0/1) D:7            Lair (5/5) D:8
 Shoals (4/4) Lair:2        Snake (4/4) Lair:3        Slime (0/5) Lair:5
    Orc (2/2) D:10            Elf (0/3) Orc:2        Vaults (5/5) D:14
  Crypt (0/3) Vaults:2     Depths (4/4) D:15            Zot (0/5) Depths:4
Ossuary (visited)          Bailey (visited)         Volcano (visited)

Altars:
Cheibriados
Elyvilon
Fedhas
Gozag
Hepliaklqana
Kikubaaqudgha
Makhleb
Ru
Sif Muna
Trog
Uskayaw
Vehumet
Xom
The Shining One
Lugonu

Shops:
D:9 [   D:12 *   Orc:1 =   Orc:2 *=[((   Snake:1 *   Vaults:1 !   Vaults:4 =
Depths:1 (*[(

Portals:
Hell: Depths:1 Depths:2 Depths:3 Depths:4
Abyss: Depths:2 Depths:3
Pandemonium: Depths:2
Ziggurat: Depths:2

Annotations:
D:11 3 runed translucent doors
D:12 1 runed translucent door
Lair:4 1 runed translucent door, Zoekh's ghost, journeyman DsCK
Shoals:2 Mlioglotl
Snake:2 2 transporters, Zonian's ghost, adept DEIE
Snake:3 1 exclusion
Orc:2 3 runed translucent doors, MrSquiggles's ghost, journeyman HuWn
Depths:4 1 exclusion


Innate Abilities, Weirdness & Mutations

You have a beak for a mouth.
You have claws for feet.
Your magical nature lets you fly swiftly and evasively.


Message History

You feel a surge of power!
The air twists around and strikes the tengu reaver!
You kill the tengu reaver!
Sif Muna accepts your kill.
The vault sentinel casts a spell at you.
A sentinel's mark forms upon you.
A yaktaur captain comes into view. It is wielding a +3 glaive.
Unknown command.
Okay, then.
Okay, then.
Your magical effects are unravelling.
You feel magically purged.
You feel a little less clever now.
The sentinel's mark upon you fades away.
The vault sentinel blows a loud note on a signal horn!
You hear a roar!
You hear a shout!
As you read the scroll of teleportation, it crumbles to dust.
You feel strangely unstable.
The vault sentinel casts a spell at you.
A sentinel's mark forms upon you.
Unknown command.
The vault sentinel gestures at you while chanting.
The mark upon you grows brighter.
You feel much better.
The deep elf zephyrmancer mumbles some strange words.
The deep elf zephyrmancer blinks!
An ettin comes into view.
It is wielding a +0 dire flail and a +0 great mace of protection.
Okay, then.
The vault sentinel points at you and mumbles some strange words.
You barely resist. The deep elf zephyrmancer misses you.
Things that are here:
a +0 dire flail; a +0 scale mail; a tengu corpse An ironbound preserver, a shadow dragon, a titan and a vault warden come into view.
A vault guard comes into view. It is wielding a +3 great mace.
An ettin comes into view. It is wielding two +0 dire flails.
A lich comes into view.
The titan hits you!!
* * * LOW HITPOINT WARNING * * *
The titan hits you!!!
You die...

#)C..# #p.
#..D.# ..p
#e...#
pp##c...#
#..#....# #
#..#C...#
...##.L#..).#
.....DC#ep..#CL
#..$.@C.p..).)
####........##
............
..............
###############


You could see 2 shadow dragons, an ironbound preserver, 2 titans, a dread lich,
a frost giant, a vault warden, a lich, a yaktaur captain, 3 vault guards, an
ettin, a vault sentinel and 2 deep elf zephyrmancers.

Vanquished Creatures
  Mara (Vaults:2)
  2 juggernauts
  Boris (twice) (Vaults:4 Depths:1)
  Saint Roka (Orc:2)
  Margery (Depths:4)
  Vashnia (Snake:3)
  A caustic shrike (Depths:3)
  4 golden dragons (Depths:3)
  2 tentacled monstrosities
  Rupert (Snake:1)
  A titan (Vaults:5)
  A walking earthen tome (Depths:4)
  Jorgrun (Snake:1)
  2 liches (Depths:3)
  An ancient champion (Vaults:2)
  A kraken (Shoals:3)
  Kirke (D:15)
  5 sphinxes
  Agnes (D:14)
  A draconian knight (Depths:4)
  3 shadow dragons
  13 nagarajas
  3 tengu reavers
  9 fire giants
  3 storm dragons
  A draconian monk (Depths:4)
  Aizul (Snake:2)
  6 frost giants
  A deep elf sorcerer (Vaults:5)
  16 vault wardens
  An iron dragon (Depths:3)
  14 very ugly things
  A balrug (Depths:1)
  16 ironbound preservers
  3 orc warlords
  A war gargoyle (Vaults:3)
  5 ironbound thunderhulks
  4 spriggan defenders
  A vampire knight (Vaults:2)
  15 stone giants
  A formless jellyfish (Vaults:1)
  A green draconian (Depths:4)
  10 dire elephants
  Azrael (D:14)
  2 red draconians (Depths:4)
  A yellow draconian (Depths:4)
  A white draconian (Depths:4)
  A black draconian (Depths:4)
  3 spark wasps
  A crystal guardian (Vaults:3)
  7 fire dragons
  9 yaktaur captains
  Josephine (Snake:1)
  11 ettins
  9 merfolk impalers
  A deep elf high priest (Vaults:5)
  An entropy weaver (Vaults:3)
  6 merfolk javelineers (Shoals:4)
  8 great orbs of eyes
  5 ice dragons
  An entropy weaver (shapeshifter) (Depths:3)
  4 rakshasas
  2 salamander tyrants (Snake:4)
  24 vault guards
  2 hydras
  4 spriggan air magi
  6 ironbound frosthearts
  4 peacekeepers
  2 merfolk avatars
  An alligator snapping turtle (Shoals:4)
  12 centaur warriors
  4 merfolk aquamancers
  3 two-headed ogres
  4 boulder beetles
  3 anacondas
  10 naga sharpshooters
  A satyr (Shoals:2)
  A vampire mage (Vaults:2)
  6 deep troll shamans
  9 naga warriors
  6 spriggan berserkers
  Urug (Orc:2)
  2 orc high priests
  2 tengu warriors
  8 deep troll earth magi
  7 shock serpents
  4 spriggans
  2 sun demons
  6 hell knights
  A skyshark (Shoals:1)
  A skyshark (shapeshifter) (D:14)
  5 salamander mystics
  A skeletal warrior (D:12)
  5 iron trolls
  5 glowing orange brains
  3 sea snakes
  42 deep trolls
  A swamp dragon (Lair:5)
  5 flayed ghosts
  14 wizards
  8 orc knights
  10 ironbound convokers
  15 lindwurms
  12 naga ritualists
  A lindwurm (shapeshifter) (Depths:1)
  A deep elf archer (Vaults:5)
  10 harpies
  2 deep elf pyromancers
  4 phantasmal warriors
  5 necromancers
  A deep elf zephyrmancer (Vaults:5)
  An iron dragon zombie (Depths:1)
  11 mana vipers
  3 orc sorcerers
  4 fauns
  17 salamanders
  6 cyclopes
  47 ugly things
  14 manticores
  A fire giant skeleton (Depths:1)
  9 water nymphs
  14 vault sentinels
  6 guardian serpents
  An elephant (Lair:2)
  36 black mambas
  A stone giant skeleton (Depths:1)
  7 merfolk sirens
  20 naga magi
  A molten gargoyle (Volcano)
  A smoke demon (Depths:1)
  A torpor snail (Lair:5)
  2 gargoyles
  An unseen horror (D:13)
  A cane toad (Lair:4)
  3 tengu conjurers
  15 yaktaurs
  A komodo dragon (Lair:4)
  4 hornets
  A queen bee (shapeshifter) (Vaults:5)
  2 trolls
  2 tarantellas (shapeshifter)
  3 meliai (D:15)
  9 wind drakes
  14 merfolk
  A polar bear (Lair:1)
  7 dream sheep
  4 snapping turtles
  4 blink frogs
  A stone giant simulacrum (Depths:1)
  4 air elementals (Shoals:4)
  20 water elementals
  13 slime creatures
  A vampire (D:12)
  22 humans (D:14)
  3 wraiths
  5 fire elementals
  A hog (D:15)
  A fire bat (shapeshifter) (Vaults:5)
  15 yaks
  A fire bat (Volcano)
  7 vampire mosquitoes
  24 nagas
  2 wargs
  3 hydra simulacra (Depths:2)
  4 water moccasins
  3 hell hounds (D:14)
  A floating eye (Depths:1)
  A swamp drake (Lair:5)
  12 orc warriors
  A black bear (Lair:3)
  5 ogres (Orc:2)
  6 wolves
  4 centaurs
  A bullfrog (D:8)
  A gnoll sergeant (D:12)
  A water moccasin zombie (Ossuary)
  A scorpion (D:6)
  2 two-headed ogre simulacra (Orc:2)
  A wight (D:6)
  An electric eel (D:11)
  3 lava snakes (Volcano)
  2 centaur zombies (Ossuary)
  2 jellies
  2 hounds
  8 orc priests
  An iron imp (D:8)
  2 iguanas
  17 orc wizards
  A tengu simulacrum (Depths:1)
  A polar bear simulacrum (Orc:2)
  A troll simulacrum (Orc:2)
  2 killer bee zombies (Ossuary)
  3 mummies (Ossuary)
  A howler monkey zombie (Ossuary)
  6 gnolls
  4 adders
  A white imp (D:6)
  A dart slug (D:5)
  37 orcs
  A jackal (D:1)
  6 quokkas
  2 ball pythons
  4 bats
  2 kobolds
  A rat (D:1)
  A tentacle (Shoals:3)
1076 creatures vanquished.

Vanquished Creatures (collateral kills)
  A black draconian (Depths:4)
  A fire dragon (Lair:5)
  3 hydras
  Erolcha (D:12)
  An ogre mage (Orc:1)
  A catoblepas (Lair:5)
  A centaur warrior (D:13)
  A salamander tyrant (Snake:1)
  2 two-headed ogres (D:9)
  2 boulder beetles
  8 death yaks
  2 shock serpents
  A skyshark (Lair:5)
  A salamander mystic (Volcano)
  A skeletal warrior (D:12)
  A sea snake (Shoals:4)
  4 harpies
  Pikel (D:6)
  An orc knight (Orc:2)
  2 orc sorcerers (Orc:2)
  A deep elf pyromancer (D:9)
  2 salamanders
  4 mana vipers
  2 manticores
  A faun (Shoals:1)
  An ugly thing (D:9)
  A merfolk siren (Lair:2)
  3 cyclopes
  A torpor snail (Lair:2)
  A guardian serpent (Lair:1)
  9 elephants
  2 water nymphs
  12 black mambas
  10 cane toads
  5 rime drakes
  A tengu conjurer (D:10)
  11 komodo dragons
  6 trolls
  4 merfolk
  17 blink frogs
  2 polar bears
  11 dream sheep
  3 snapping turtles (Shoals:1)
  A slime creature (D:14)
  3 wraiths
  3 water elementals
  55 yaks
  10 wyverns
  2 shadows (D:9)
  4 fire bats (Volcano)
  A hog (D:15)
  3 steam dragons
  4 basilisks
  4 vampire mosquitoes
  A death yak simulacrum (Orc:2)
  3 nagas
  5 wargs
  6 acid dragons
  12 water moccasins
  Duvessa (D:7)
  A swamp drake (Lair:5)
  26 orc warriors
  An ice beast (D:6)
  2 black bears
  2 sky beasts
  2 ogres
  4 centaurs
  2 lemures (D:6)
  15 bullfrogs
  A kobold brigand (D:9)
  A wyvern zombie (Ossuary)
  A scorpion (D:6)
  3 water moccasin zombies (Ossuary)
  5 wights
  Dowan (D:7)
  4 killer bees (D:9)
  A howler monkey (D:9)
  2 bullfrog zombies (Ossuary)
  5 jellies
  4 lava snakes (Volcano)
  A hound (D:5)
  4 centaur zombies (Ossuary)
  18 orc priests
  Crazy Yiuf (D:6)
  2 iron imps (D:8)
  Ijyb (D:3)
  2 gnoll boudas
  23 orc wizards
  5 iguanas
  A spriggan simulacrum (Orc:2)
  A hell rat (Lair:5)
  A killer bee zombie (Ossuary)
  A troll simulacrum (Orc:2)
  12 mummies (Ossuary)
  3 howler monkey zombies (Ossuary)
  17 gnolls
  3 adders (D:5)
  A naga simulacrum (Orc:2)
  A shadow imp (D:6)
  2 white imps
  2 worms
  3 dart slugs
  58 orcs
  5 ball pythons
  4 endoplasms
  2 giant cockroaches
  4 goblins
  6 hobgoblins
  3 jackals (D:1)
  2 quokkas (D:1)
  2 bats (D:1)
  2 frilled lizards (D:1)
  6 kobolds
  4 rats
550 creatures vanquished.

Vanquished Creatures (others)
  A hydra (D:14)
  2 spriggans (Depths:2)
  A shadow wraith (Vaults:5)
  2 hornets (Depths:2)
  2 water elementals (Depths:2)
  A basilisk (D:14)
  4 hydra simulacra (Depths:2)
  An orc wizard (D:10)
  9 tentacles (Shoals:3)
23 creatures vanquished.

Grand Total: 1649 creatures vanquished

Notes
Turn   | Place    | Note
-------+----------+-------------------------------------------
     0 | D:1      | Midn8 the Tengu Summoner began the quest for the Orb.
     0 | D:1      | Reached XP level 1. HP: 10/10 MP: 4/4
    72 | D:1      | Reached skill level 5 in Summonings
   102 | D:1      | Reached XP level 2. HP: 15/15 MP: 3/6
   271 | D:1      | Learned a level 2 spell: Call Imp
   509 | D:1      | Reached XP level 3. HP: 19/19 MP: 4/7
   543 | D:1      | Learned a level 3 spell: Call Canine Familiar
   999 | D:2      | Found a faded altar of an unknown god.
  1208 | D:2      | Reached XP level 4. HP: 24/24 MP: 5/9
  2180 | D:3      | Gained mutation: Your magical nature lets you fly swiftly
                  | and evasively. [Tengu growth]
  2180 | D:3      | Reached XP level 5. HP: 28/28 MP: 9/11
  2237 | D:3      | Reached skill level 1 in Fighting
  2293 | D:3      | Noticed Ijyb
  2668 | D:3      | Reached XP level 6. HP: 34/35 MP: 8/13
  3376 | D:4      | Found a snail-covered altar of Cheibriados.
  3574 | D:4      | Found a white marble altar of Elyvilon.
  3888 | D:5      | Entered Level 5 of the Dungeon
  3943 | D:5      | Learned a level 4 spell: Summon Lightning Spire
  4177 | D:5      | Reached skill level 1 in Air Magic
  4230 | D:5      | Found a shimmering blue altar of Sif Muna.
  4261 | D:5      | Became a worshipper of Sif Muna the Loreminder
  4392 | D:5      | Noticed a water moccasin
  4414 | D:5      | Killed a water moccasin
  4415 | D:5      | Reached XP level 7. HP: 22/41 MP: 14/14
  4651 | D:5      | Reached skill level 5 in Air Magic
  5011 | D:6      | Reached XP level 8. HP: 46/46 MP: 13/15
  5415 | D:6      | Noticed Pikel
  5422 | D:6      | Killed Pikel
  5423 | D:6      | Reached skill level 5 in Fighting
  5627 | D:6      | Reached skill level 5 in Dodging
  5627 | D:6      | Reached XP level 9. HP: 55/55 MP: 12/16
  5766 | D:6      | Identified the +6 fire dragon scales of Laijuof {rF++ rC-
                  | Int+5}
  5933 | D:6      | Found a runed translucent door.
  5934 | D:6      | Noticed Crazy Yiuf
  5948 | D:6      | Killed Crazy Yiuf
  6029 | D:6      | Reached * piety under Sif Muna
  6162 | D:6      | Found a blossoming altar of Fedhas.
  6318 | D:3      | Killed Ijyb
  6480 | D:7      | Reached skill level 1 in Invocations
  6866 | D:7      | Found a staircase to the Ecumenical Temple.
  6952 | D:7      | Reached skill level 5 in Invocations
  7113 | D:7      | Noticed Dowan
  7114 | D:7      | Noticed Duvessa
  7118 | D:7      | Killed Dowan
  7131 | D:7      | Killed Duvessa
  7522 | D:7      | Learned a level 3 spell: Swiftness
  7600 | D:7      | Reached skill level 10 in Summonings
  8015 | D:8      | Reached XP level 10. HP: 60/60 MP: 10/17
  8119 | D:8      | Reached ** piety under Sif Muna
  8126 | D:8      | Found a staircase to the Lair.
  8206 | D:8      | Found an opulent altar of Gozag.
  8308 | D:8      | Found a sand-covered staircase.
  8315 | Ossuary  | Entered an ossuary
  8794 | Ossuary  | Reached *** piety under Sif Muna
  8905 | Ossuary  | Reached skill level 5 in Spellcasting
  9250 | D:8      | Found a burning altar of Makhleb.
  9599 | D:9      | Found a flagged portal.
  9601 | D:9      | Found Esucvut's Armour Shoppe.
  9735 | Bailey   | Entered a bailey
  9892 | Bailey   | Reached **** piety under Sif Muna
 10626 | D:9      | Reached XP level 11. HP: 71/71 MP: 13/21
 10833 | D:9      | Noticed a two-headed ogre
 10843 | D:9      | Identified the +1 hand axe "Filoar" {freeze, rF+ SInv
                  | Stlth+}
 10936 | D:9      | Noticed a two-headed ogre
 10949 | D:9      | Killed a two-headed ogre
 11154 | D:9      | Reached ***** piety under Sif Muna
 11159 | D:9      | Killed a two-headed ogre
 11272 | D:9      | Received a gift from Sif Muna
 11531 | D:9      | Reached skill level 1 in Armour
 11636 | D:9      | Noticed a white ugly thing
 11637 | D:9      | Noticed a deep elf pyromancer
 11653 | D:9      | Killed a white ugly thing
 11791 | D:9      | Killed a deep elf pyromancer
 12119 | Lair:1   | Entered Level 1 of the Lair of Beasts
 12504 | Lair:1   | Identified the +1 robe "Unaekkol" {rC+}
 12540 | Lair:1   | Reached skill level 10 in Fighting
 12952 | Lair:1   | Reached XP level 12. HP: 65/78 MP: 12/22
 13094 | Lair:1   | Noticed a boulder beetle
 13110 | Lair:1   | Killed a boulder beetle
 13285 | Lair:1   | Noticed a boulder beetle
 13303 | Lair:1   | Killed a boulder beetle
 13373 | Lair:1   | Found the +3 pair of seven-league boots {Rampage+∞}
 13669 | Lair:1   | Reached skill level 5 in Armour
 13861 | Lair:2   | Found the +4 skin of Zhor {*Englaciate rC+++ SInv}
 13899 | Lair:2   | Reached skill level 1 in Evocations
 13899 | Lair:2   | Received a gift from Sif Muna
 13900 | Lair:2   | Got Sif Muna's Notes on the Brume {god gift}
 13973 | Lair:2   | Learned a level 5 spell: Arcjolt
 13987 | Lair:2   | Noticed a seven-headed hydra
 13991 | Lair:2   | Reached skill level 1 in Conjurations
 14008 | Lair:2   | Killed a seven-headed hydra
 14330 | Lair:2   | Reached skill level 5 in Conjurations
 14455 | Lair:2   | Reached skill level 10 in Air Magic
 14504 | Lair:2   | Reached XP level 13. HP: 86/86 MP: 16/23
 15425 | Lair:3   | Found a staircase to the Snake Pit.
 17414 | Lair:4   | Found a runed translucent door.
 17799 | Lair:4   | Received a gift from Sif Muna
 17800 | Lair:4   | Got Sif Muna's Annotations on Twisted Flesh {god gift}
 18961 | Lair:4   | Found a shimmering altar of Xom.
 18961 | Lair:4   | Noticed Zoekh's ghost (journeyman DsCK)
 18981 | Lair:5   | Entered Level 5 of the Lair of Beasts
 19753 | Lair:5   | Reached XP level 14. HP: 67/92 MP: 17/26
 21165 | Lair:5   | Received a gift from Sif Muna
 21309 | Lair:5   | Got Sif Muna's Essays on Electricity {god gift}
 21315 | Lair:5   | Learned a level 4 spell: Airstrike
 21524 | Lair:5   | Found a staircase to the Slime Pits.
 21535 | Lair:5   | Identified the amulet "Hyfim" {Rampage Regen+ rCorr}
 21703 | D:10     | Entered Level 10 of the Dungeon
 21850 | D:10     | Found a hide-covered altar of Uskayaw.
 22219 | D:10     | Found a radiant altar of Vehumet.
 22268 | D:10     | Found a sacrificial altar of Ru.
 22392 | D:10     | Found an ancient bone altar of Kikubaaqudgha.
 22653 | D:10     | Found a staircase to the Orcish Mines.
 23446 | D:11     | Reached skill level 15 in Air Magic
 23816 | D:11     | Found a runed translucent gate.
 23816 | D:11     | Found a runed translucent gate.
 23817 | D:11     | Found a runed translucent gate.
 23825 | D:11     | a mana viper changed into a broodmother
 23825 | D:11     | Noticed a broodmother (glowing shapeshifter)
 23830 | D:11     | a broodmother changed into a slime creature
 24062 | D:12     | Found Hanogh's Assorted Antiques.
 24918 | D:12     | Found a runed translucent door.
 24918 | D:12     | Noticed Erolcha
 24940 | D:12     | Killed Erolcha
 25033 | D:12     | Noticed a fire giant
 25106 | D:12     | Reached XP level 15. HP: 82/96 MP: 23/28
 25402 | D:12     | Received a gift from Sif Muna
 25403 | D:12     | Got Sif Muna's Dissertation on the Assembled Fifth Circle
                  | {god gift}
 25720 | Orc:1    | Entered Level 1 of the Orcish Mines
 26131 | Orc:1    | Reached skill level 5 in Evocations
 26450 | Orc:1    | Found Hurewn's Jewellery Shoppe.
 26479 | Orc:1    | Bought the ring of Rinaysets {Wiz +Blink Str+3 Int+2
                  | Slay-3} for 460 gold pieces
 26982 | Orc:2    | Entered Level 2 of the Orcish Mines
 27137 | Orc:2    | Received a gift from Sif Muna
 27138 | Orc:2    | Got Sif Muna's Discourse on Assaults {god gift}
 27219 | Orc:2    | Found a staircase to the Elven Halls.
 27234 | Orc:2    | Found a dark tunnel.
 27264 | Volcano  | Entered a volcano
 27721 | Volcano  | Found a radiant altar of Vehumet.
 28638 | Orc:2    | Noticed Saint Roka
 28984 | Orc:2    | Found a runed translucent gate.
 28985 | Orc:2    | Found a runed translucent gate.
 28985 | Orc:2    | Found a runed translucent gate.
 28989 | Orc:2    | Noticed MrSquiggles's ghost (journeyman HuWn)
 29522 | Orc:2    | Noticed Urug
 29557 | Orc:2    | Killed Urug
 29720 | Orc:2    | Killed Saint Roka
 29772 | Orc:2    | Found Rulicesyu's General Store.
 29778 | Orc:2    | Received a gift from Sif Muna
 29779 | Orc:2    | Got Juxeh's Anthology of Conjured Position {god gift}
 29802 | Orc:2    | Learned a level 8 spell: Maxwell's Capacitive Coupling
 30000 | Orc:2    | Found Suewkirch's Weapon Shoppe.
 30108 | Orc:2    | Found Tampowk's Antique Weapon Boutique.
 30123 | Orc:2    | Found Idwaps's Antique Armour Boutique.
 30138 | Orc:2    | Found Gyxeocw's Jewellery Boutique.
 30380 | Orc:2    | Bought an encrusted flail for 306 gold pieces
 30380 | Orc:2    | Identified the +2 flail of Conversion {freeze, *Rage rElec
                  | rPois MP+9} (You bought it in a shop on level 2 of the
                  | Orcish Mines)
 30380 | Orc:2    | Bought a transparent trident for 306 gold pieces
 30380 | Orc:2    | Identified the +1 trident of Invincibility {flame, SInv}
                  | (You bought it in a shop on level 2 of the Orcish Mines)
 30381 | Orc:2    | Bought an ancient quarterstaff for 324 gold pieces
 30381 | Orc:2    | Identified the +8 quarterstaff of Abomination {drain, rC+
                  | rN+ Stlth+} (You bought it in a shop on level 2 of the
                  | Orcish Mines)
 30630 | Shoals:1 | Entered Level 1 of the Shoals
 33550 | Shoals:2 | Reached XP level 16. HP: 101/101 MP: 12/29
 34142 | Shoals:2 | Noticed Mlioglotl
 34142 | Shoals:2 | Noticed a bone dragon
 34621 | Shoals:3 | Identified the +3 plate armour of the Bull {Int+3}
 34635 | Shoals:3 | Reached skill level 10 in Armour
 35009 | Shoals:3 | Identified the +6 chain mail "Reum" {rN+ Dex+5}
 35108 | Shoals:3 | Noticed a kraken
 35836 | Shoals:3 | Killed a kraken
 36165 | Shoals:4 | Entered Level 4 of the Shoals
 36608 | Shoals:4 | Received a gift from Sif Muna
 36609 | Shoals:4 | Got Qetaneb's Almanac of Incandescence and the Brume {god
                  | gift}
 38036 | Shoals:4 | Paralysed by an air elemental for 1 turns
 38041 | Shoals:4 | Paralysed by an air elemental for 1 turns
 38044 | Shoals:4 | Paralysed by an air elemental for 1 turns
 38252 | Shoals:4 | Reached skill level 10 in Spellcasting
 38641 | Shoals:4 | Identified the +2 plate armour of Amorality {Dex+6}
 39991 | Shoals:4 | Paralysed by an air elemental for 1 turns
 39996 | Shoals:4 | Paralysed by an air elemental for 1 turns
 40250 | Shoals:4 | Paralysed by an air elemental for 1 turns
 40253 | Shoals:4 | Paralysed by an air elemental for 1 turns
 40255 | Shoals:4 | Paralysed by an air elemental for 1 turns
 40257 | Shoals:4 | Paralysed by an air elemental for 1 turns
 40656 | Shoals:4 | Identified the +2 leather armour of the Bulwark {rElec}
 41226 | Shoals:4 | Got a barnacled rune of Zot
 41319 | Shoals:4 | Noticed a storm dragon
 41323 | Shoals:4 | Killed a storm dragon
 41324 | Shoals:4 | Reached XP level 17. HP: 106/106 MP: 24/33
 41885 | D:13     | Received a gift from Sif Muna
 41886 | D:13     | Got Sif Muna's Volume of Polluted Bones {god gift}
 42014 | D:13     | Learned a level 6 spell: Plasma Beam
 43369 | D:14     | Noticed Agnes
 43375 | D:14     | Killed Agnes
 43780 | D:14     | Found a hazy altar of Hepliaklqana.
 44469 | D:14     | Identified the +7 lajatang of Atzex {freeze, rCorr}
 44617 | D:14     | Noticed Azrael
 44621 | D:14     | Killed Azrael
 45289 | D:14     | Found a gate to the Vaults.
 45585 | D:15     | Entered Level 15 of the Dungeon
 45831 | D:14     | Upgraded the game from 0.31-a0-229-g1fc7ce93e2 to
                  | 0.31-a0-232-gb1c03b2570
 46091 | D:14     | Reached skill level 1 in Shields
 46213 | D:14     | Learned a level 4 spell: Animate Armour
 46787 | D:15     | Found a staircase to the Depths.
 46996 | D:15     | Reached skill level 5 in Shields
 47301 | D:15     | Noticed Kirke
 47312 | D:15     | Killed Kirke
 47903 | Snake:1  | Entered Level 1 of the Snake Pit
 47917 | Snake:1  | Noticed Jorgrun
 47924 | Snake:1  | Killed Jorgrun
 48211 | Snake:1  | Reached skill level 1 in Fire Magic
 49509 | Snake:1  | Received a gift from Sif Muna
 49510 | Snake:1  | Got Sif Muna's Essays on Productive Destruction {god gift}
 50048 | Snake:1  | Found Teduikurr's General Store.
 50054 | Snake:1  | Bought a potion of magic for 104 gold pieces
 50054 | Snake:1  | Bought a potion of curing for 39 gold pieces
 50054 | Snake:1  | Bought a potion of resistance for 130 gold pieces
 50100 | Snake:1  | Identified the +4 dagger of Kismet {holy, rN+}
 50363 | Snake:1  | Noticed Josephine
 50368 | Snake:1  | Killed Josephine
 50510 | Snake:1  | Noticed Rupert
 50511 | Snake:1  | Paralysed by Rupert for 2 turns
 50517 | Snake:1  | Killed Rupert
 50518 | Snake:1  | Reached skill level 5 in Fire Magic
 50758 | Snake:2  | Found a transporter.
 50784 | Snake:2  | Noticed Aizul
 50788 | Snake:2  | Killed Aizul
 51019 | Snake:2  | Found a bloodstained altar of Trog.
 51117 | Snake:2  | Found a transporter.
 51159 | Snake:2  | Reached XP level 18. HP: 116/116 MP: 23/34
 51366 | Snake:2  | Noticed Zonian's ghost (adept DEIE)
 51620 | Snake:2  | Identified the +1 leather armour of Past Mistakes {Rampage
                  | Will+ Dex-3 Stlth+}
 52690 | Snake:2  | Received a gift from Sif Muna
 52691 | Snake:2  | Got Sif Muna's Vademecum on the Hurtful Serac {god gift}
 52882 | Snake:3  | Reached skill level 10 in Fire Magic
 53633 | Snake:3  | Identified the +3 falchion of Honour {flame, +Blink rN++
                  | SInv Stlth+}
 54507 | Snake:3  | Noticed Vashnia
 54511 | Snake:3  | Killed Vashnia
 55211 | Snake:4  | Entered Level 4 of the Snake Pit
 55359 | Snake:4  | Reached skill level 15 in Fighting
 56284 | Snake:4  | Received a gift from Sif Muna
 56285 | Snake:4  | Got Sif Muna's Omnibus of Fey Injury {god gift}
 57475 | Snake:4  | Reached XP level 19. HP: 106/125 MP: 15/35
 58127 | Snake:4  | Got a serpentine rune of Zot
 58928 | Vaults:1 | Entered Level 1 of the Vaults
 60354 | Vaults:1 | Received a gift from Sif Muna
 60758 | Vaults:1 | Reached skill level 10 in Dodging
 61045 | Vaults:1 | Found Anarustra's Distillery.
 61049 | Vaults:1 | Bought a potion of degeneration for 18 gold pieces
 61049 | Vaults:1 | Bought a potion of curing for 54 gold pieces
 61049 | Vaults:1 | Bought a potion of curing for 54 gold pieces
 61049 | Vaults:1 | Bought a potion of brilliance for 72 gold pieces
 61319 | Vaults:2 | Noticed Mara
 61324 | Vaults:2 | Noticed Midn8's illusion
 61324 | Vaults:2 | Killed Mara
 61497 | Vaults:2 | Reached XP level 20. HP: 102/134 MP: 18/36
 61734 | Vaults:2 | Reached skill level 10 in Invocations
 62066 | Vaults:2 | Found a staircase to the Crypt.
 63128 | Vaults:2 | Received a gift from Sif Muna
 63242 | Vaults:2 | Got Ducaeru's Tome of Chilled Doom {god gift}
 67162 | Vaults:4 | Found Qonaj's Jewellery Emporium.
 67664 | Vaults:4 | Reached XP level 21. HP: 144/144 MP: 18/37
 67854 | Vaults:4 | Received a gift from Sif Muna
 67857 | Vaults:4 | Noticed Boris
 67899 | Vaults:4 | Killed Boris
 68053 | Vaults:4 | Got Sif Muna's Parchment of Shades and Wanderlust {god
                  | gift}
 68056 | Vaults:4 | Identified the +5 plate armour of Prudence {Harm}
 68989 | Depths:1 | Entered Level 1 of the Depths
 69960 | D:15     | Received a gift from Sif Muna
 70094 | D:15     | Got Sif Muna's Compendium of Forms {god gift}
 70546 | Depths:1 | Noticed Boris
 70550 | Depths:1 | Killed Boris
 70551 | Depths:1 | Reached skill level 15 in Armour
 71228 | Depths:1 | Identified the +7 sling "Ititoy" {antimagic, rPois Dex+2}
 71407 | Depths:1 | Found Ryppoba's Weapon Emporium.
 71413 | Depths:1 | Found Ziklytut's General Store.
 71413 | Depths:1 | Found Deraw's Weapon Emporium.
 71414 | Depths:1 | Found Mamamid's Armour Emporium.
 71428 | Depths:1 | Bought a wand of charming (5) for 156 gold pieces
 71428 | Depths:1 | Bought 3 scrolls of teleportation for 117 gold pieces
 71428 | Depths:1 | Bought a scroll of teleportation for 39 gold pieces
 71428 | Depths:1 | Bought a wand of iceblast (3) for 93 gold pieces
 72352 | Depths:1 | Found a gateway to Hell.
 72511 | Depths:1 | Found a shimmering altar of Xom.
 73882 | Depths:2 | Noticed a juggernaut
 73886 | Depths:2 | Killed a juggernaut
 74037 | Depths:2 | Received a gift from Sif Muna
 74039 | Depths:2 | Got Sif Muna's Papyrus of Inflammable Execration {god gift}
 74196 | Depths:2 | Reached XP level 22. HP: 152/152 MP: 30/38
 74288 | Depths:2 | Found a one-way gate leading to the halls of Pandemonium.
 74307 | Depths:2 | Found a one-way gateway to a ziggurat.
 74448 | Depths:2 | Found a one-way gate to the infinite horrors of the Abyss.
 74699 | Depths:3 | Found a corrupted altar of Lugonu.
 74965 | Depths:3 | Noticed a juggernaut
 74971 | Depths:3 | Killed a juggernaut
 74979 | Depths:3 | Noticed a golden dragon
 74997 | Depths:3 | Noticed a golden dragon
 75293 | Depths:3 | Identified the +2 robe "Fyorosud" {Contam Will++ Slay+2}
 75456 | Depths:3 | Noticed a golden dragon
 75817 | Depths:3 | Killed a golden dragon
 76053 | Depths:3 | Killed a golden dragon
 76076 | Depths:3 | Killed a golden dragon
 76079 | Depths:3 | Noticed a golden dragon
 76579 | Depths:3 | Killed a golden dragon
 77004 | Depths:3 | Noticed a caustic shrike
 77008 | Depths:3 | Killed a caustic shrike
 77233 | Depths:3 | Found a hide-covered altar of Uskayaw.
 77351 | Depths:3 | Identified the ring of Nayqokli {rCorr AC+4 Str+2 Dex+3}
 77351 | Depths:3 | Identified the +0 robe "Horuer" {+Blink Slay+2}
 77469 | Depths:3 | Received a gift from Sif Muna
 77474 | Depths:3 | Got Sif Muna's Enchiridion on Changes and Correspondence
                  | {god gift}
 77612 | Depths:3 | Found a glowing golden altar of the Shining One.
 77687 | Depths:4 | Entered Level 4 of the Depths
 78424 | Depths:4 | Noticed a golden dragon
 79552 | Depths:4 | Noticed Margery
 79565 | Depths:4 | Killed Margery
 80404 | Depths:4 | Found a gate to the Realm of Zot.
 80977 | Vaults:5 | Entered Level 5 of the Vaults
 80995 | Vaults:5 | Reached XP level 23. HP: 129/162 MP: 20/39
 81099 | Vaults:5 | Reached skill level 10 in Evocations
 81109 | Vaults:5 | Received a gift from Sif Muna
 81109 | Vaults:5 | Noticed a dread lich
 81113 | Vaults:5 | Paralysed by a dread lich for 5 turns
 81146 | Vaults:5 | Identified the staff "Vupheq" {rF++ Will- Int-4 SInv Earth}
 81575 | Vaults:5 | HP: 2/162 [deep elf high priest/a malign offering (22)]
 81621 | Vaults:5 | Identified the +7 eveningstar of Koule {venom, rCorr}
 81653 | Vaults:5 | HP: 6/153 [titan (22)]
 81653 | Vaults:5 | Annihilated by a titan

Illustrated notes

Levels and vault maps discovered:
D:1:      wheals_arrival_shading, layout_basic, st_stairs_14
D:2:      kb_forest_paths, layout_basic, basic_ecumenical_altar
D:3:      layout_loops_cross, kennysheep_orc_chapel, uniq_ijyb
D:4:      layout_gridville, general_overflow_altar, elyvilon_altar_5
D:5:      nicolae_cairo_tiling_large, layout_basic, mainiacjoe_overflow_catwalk
D:6:      layout_gridville, fedhas_altar_3, uniq_pikel, uniq_crazy_yiuf_cottage
D:7:      layout_layer_cave, minmay_temple_entry_junction, uniq_duvessa
D:8:      layout_rooms, nicolae_gozag_seed_capital, demons_altar,
          erik_lair_orcish_takeover, chequers_ossuary_entry_cave,
          palyth_stone_intersect
D:9:      kennysheep_windowed_halls, layout_basic, serial_shops, shop,
          enter_bailey_6, minmay_misc_feat_chi
D:10:     layout_cave_pools, nicolae_ru_path_of_blood, fiery_altar_vehumet,
          lemuel_crystal_altar, mainiacjoe_overflow_small_starburst,
          david_orc_4, nicolae_fountain_basement
D:11:     cheibrodos_helix_gallery, layout_long_grid,
          ploomutoo_gammafunk_ghost_potion_laboratory
D:12:     layout_roguey, serial_shops, shop, minivault_13, uniq_erolcha
D:13:     layout_gridville
D:14:     layout_long_grid, grunt_vaults_entry_tiered,
          nicolae_hepliaklqana_hazy_memory, kennysheep_inner_square,
          uniq_azrael, uniq_agnes
D:15:     hangedman_depths_entry_civil_slaughter, layout_gridville, hex_tiny,
          uniq_kirke
Lair:1:   layout_hall_layers, hellmonk_guarded_unrand_seven_league_boots
Lair:2:   layout_cave_shapes, nicolae_shoals_entry_flooding,
          chequers_serial_rivers_small_b, nicolae_quartered_pool_medium,
          hellmonk_guarded_unrand_zhor
Lair:3:   statuecave_lemuel, layout_layer_cave, dummy_snake_entry
Lair:4:   layout_regular_city, ebering_ghost_xom
Lair:5:   guppyfry_lair_end_dragon, layout_regular_city,
          hangedman_lair_in_review, nicolae_slime_entry_field_trip
Shoals:1: layout_shoals, nicolae_shoals_the_drawing_of_the_three
Shoals:2: layout_shoals, uniq_mlioglotl
Shoals:3: nicolae_shoals_island_circles, layout_shoals
Shoals:4: shoals_end_hellmonk_storm_palace [storm_palace_center_ruins,
          storm_palace_corner_narrow, storm_palace_corner_grid,
          storm_palace_corner_blocked, storm_palace_corner_reverse_hut]
Snake:1:  layout_basic, serial_shops, shop, uniq_rupert, uniq_josephine,
          uniq_jorgrun
Snake:2:  layout_basic, gammafunk_ghost_wrathful_warriors, st_stairs_10,
          nicolae_snake_omega, uniq_aizul
Snake:3:  layout_misc_corridors, uniq_vashnia
Snake:4:  grunt_snake_rune_spirals, layout_onion_interference
Orc:1:    layout_caves, nicolae_orc_flooded_monolith, guppyfry_orc_lava_fort
Orc:2:    grunt_orc_cross, layout_caves, serial_shops, shop, enter_volcano_4,
          portal_ice_cave_entry_ice_simulacra, gammafunk_ghost_necromancy
Vaults:1: nicolae_vaults_turnstiles, vaults_room_stairs_pillars,
          nicolae_vaults_network_barrier, nicolae_vaults_theta,
          nicolae_vaults_two_Ls, nicolae_vaults_meiosis, vaults_mumra_minichess,
          vaults_dpeg_emergency_exit, nicolae_vaults_storage_closets_3,
          layout_vaults_maze, serial_shops, shop
Vaults:2: minmay_crypt_entry_simple_statues, v_alt_pattern_4,
          nicolae_vaults_offset_grid_hallway_3, v_misc_31,
          nicolae_vaults_lightning_bolt, v_misc_3, nicolae_vaults_theta,
          layout_vaults_omnigrid, uniq_mara
Vaults:3: nicolae_vaults_wrenched, nicolae_vaults_double_plus_1,
          hangedman_vaults_cutoff, st_spiral_rooms, v_misc_11, v_pattern_3,
          nicolae_vaults_closet_pinwheel_4, v_rooms_1, nicolae_vaults_diamond_1,
          vaults_room_pool, nicolae_vaults_tetromino_T_1, vaults_dpeg_diagonal,
          layout_vaults_big_room
Vaults:4: nicolae_vaults_security_offices_4, nicolae_vaults_layer_cake_slice,
          nicolae_vaults_angled_halls, nicolae_vaults_puzzle_piece,
          nicolae_vaults_little_squares_2, nicolae_vaults_octothorpe,
          nicolae_vaults_double_plus_1, nicolae_vaults_diamond_2,
          nicolae_vaults_prndl, nicolae_vaults_offset_grid_hallway_3,
          nicolae_vaults_closet_pinwheel_6, nicolae_vaults_more_shelving_1,
          layout_vaults_ring, serial_shops, nicolae_shop_gaudy_bauble,
          uniq_boris
Vaults:5: serial_shops
Depths:1: layout_cave_pools, dk_noncrumbling_4, lightli_too_deep,
          minmay_misc_feat_tiny, nicolae_twisting_strands,
          kennysheep_another_room, minmay_shop_grid_forest, tgw_xom
Depths:2: cheibrodos_hall_of_evolution, layout_cross, enter_ziggurat_b,
          columned_hall_lemuel, hell_entry, pan_entry, abyss_entry_glasseish,
          grunt_ministairs_11, kennysheep_cross_room,
          minmay_staircase_statues_hall_small
Depths:3: minmay_the_grid_net [minmay_the_grid_outer_circle,
          minmay_the_grid_eight, minmay_the_grid_stretched_grid,
          minmay_the_grid_plusring, minmay_the_grid_slots,
          minmay_the_grid_prize_shrinking_boxes], layout_cave_shapes,
          hell_entry, nicolae_tso_swordbearing_angel, abyss_entry_flame_altar,
          dancing_weapons_uskayaw, serial_bayou_shore_a
Depths:4: grunt_zot_entry_gee_three, layout_gridville, hangedman_decor_riveting,
          hangedman_geh_valley, grunt_tough_drop, uniq_margery

Skill      XL: |  1  2  3  4  5  6  7  8  9 10 11 12 13 14 15 16 17 18 19 20 21 22 23 |
---------------+----------------------------------------------------------------------+-----
Summonings     | 5 6 7 8 10 12 | 12.0
Spellcasting   | 3 4 6 7 8 11 12 | 12.0
Fighting       | 2 3 6 9 10 12 14 16 17 19 20 22 | 22.0
Dodging        | 4 5 6 8 10 13 | 13.0
Air Magic      | 3 6 8 10 13 16 20 21 22 | 22.0
Invocations    | 5 6 8 9 12 | 12.0
Armour         | 4 6 8 11 13 15 | 15.4
Evocations     | 2 6 7 10 | 10.0
Conjurations   | 6 9 |  9.0
Shields        | 8 |  8.0
Fire Magic     | 6 10 12 | 12.0
Stealth        | |  2.0

Action                     |  1- 3 |  4- 6 |  7- 9 | 10-12 | 13-15 | 16-18 | 19-21 | 22-24 || total
---------------------------+-------+-------+-------+-------+-------+-------+-------+-------++-------
  Melee: Unarmed           |     5 |       |       |       |       |       |       |       ||     5
         Kick              |     4 |    13 |    18 |    76 |    87 |    33 |       |       ||   231
         Rapier            |     4 |       |       |       |       |       |       |       ||     4
         Peck              |     2 |     7 |    12 |    63 |    57 |    26 |     1 |       ||   168
         Short sword       |     3 |    49 |    53 |    95 |       |       |       |       ||   200
         Punch             |       |     1 |       |     4 |     6 |     1 |       |       ||    12
         Hand axe          |       |       |       |    82 |   205 |    87 |     1 |       ||   375
         Flail             |       |       |       |       |       |     4 |       |       ||     4
  Throw: Dart              |       |       |       |       |     4 |       |       |       ||     4
   Cast: Summon Small Mamm |    27 |    10 |     4 |     8 |     6 |       |       |       ||    55
         Call Imp          |     4 |    15 |    17 |    20 |    11 |       |       |       ||    67
         Call Canine Famil |     4 |    22 |    28 |    44 |    46 |     5 |       |       ||   149
         Summon Lightning  |       |       |    21 |    93 |   175 |    31 |       |     1 ||   321
         Arcjolt           |       |       |       |       |    52 |    34 |    20 |     9 ||   115
         Airstrike         |       |       |       |       |   136 |   245 |     2 |    14 ||   397
         Maxwell's Capacit |       |       |       |       |    21 |   137 |    74 |    33 ||   265
         Animate Armour    |       |       |       |       |       |    20 |     1 |     4 ||    25
         Plasma Beam       |       |       |       |       |       |   129 |   398 |   188 ||   715
         Swiftness         |       |       |       |       |       |       |     1 |     2 ||     3
 Invoke: Channel Magic     |       |       |       |     1 |     4 |     9 |    17 |    10 ||    41
         Divine Exegesis   |       |       |       |       |     1 |       |       |       ||     1
Ability: Evoke Blink       |       |       |       |       |     1 |     5 |     1 |     1 ||     8
  Evoke: Wand              |       |       |       |     4 |    11 |    13 |       |       ||    28
         Tin of tremorston |       |       |       |       |       |     2 |       |       ||     2
    Use: Scroll            |       |    11 |     3 |     9 |     7 |     6 |     1 |    10 ||    47
         Potion            |       |       |       |       |       |     1 |       |    16 ||    17
   Stab: Sleeping          |       |     2 |     1 |     2 |       |       |       |       ||     5
         Distracted        |       |       |     3 |     9 |     2 |     1 |       |       ||    15
 Armour: Robe              |     7 |     8 |     6 |       |       |       |       |       ||    21
         Fire dragon scale |       |       |     6 |    65 |   245 |   285 |   106 |    87 ||   794
         Leather armour    |       |       |     4 |    37 |       |       |       |       ||    41
  Dodge: Dodged            |    17 |    45 |    23 |   140 |   281 |   310 |   178 |   159 ||  1153
  Block: Buckler           |       |       |       |       |       |    37 |    75 |    51 ||   163

Table legend: (Time is in decaauts)
 A = Elapsed time spent in this place.
 B = Non-inter-level travel time spent in this place.
 C = Inter-level travel time spent in this place.
 D = Time resting spent in this place.
 E = Time spent auto-exploring this place.
 F = Levels seen in this place.
 G = Mean time per level.
                   A        B        C        D        E       F      G
               +--------+--------+--------+--------+--------+-----+--------+
         Total |  78639 |  74757 |   3882 |  40893 |  21338 |  42 | 1872.4 |
       Dungeon |  23062 |  21144 |   1918 |   9541 |   7543 |  15 | 1537.5 |
          Lair |  10773 |  10315 |    458 |   5168 |   3418 |   5 | 2154.6 |
        Shoals |   9938 |   9584 |    354 |   6378 |   1485 |   4 | 2484.5 |
     Snake Pit |   9316 |   9063 |    253 |   4891 |   2914 |   4 | 2329.0 |
  Orcish Mines |   3708 |   3447 |    261 |   1627 |    999 |   2 | 1854.0 |
        Vaults |  10172 |   9826 |    346 |   5881 |   2846 |   5 | 2034.4 |
        Depths |   9434 |   9144 |    290 |   6115 |   2012 |   4 | 2358.5 |
       Ossuary |    637 |    637 |      0 |    322 |     26 |   1 |  637.0 |
        Bailey |    624 |    624 |      0 |    257 |     90 |   1 |  624.0 |
       Volcano |    970 |    970 |      0 |    710 |      0 |   1 |  970.0 |
               +--------+--------+--------+--------+--------+-----+--------+

Top non-repeatable levels by time:
Shoals:4: 4329 daAuts
    D:15: 3554 daAuts
Vaults:2: 3103 daAuts
    D:14: 3081 daAuts
Depths:2: 2771 daAuts
Depths:3: 2679 daAuts
  Lair:3: 2672 daAuts
 Snake:4: 2650 daAuts
 Snake:2: 2607 daAuts
Shoals:1: 2585 daAuts
 Snake:3: 2565 daAuts
  Lair:5: 2521 daAuts
Vaults:3: 2509 daAuts
Shoals:3: 2442 daAuts
  Lair:2: 2381 daAuts
